 Dungeon Crawl Stone Soup version 0.22-a0-558-gc224181 (webtiles) character file.

71 FluffGlitter the Grave Robber (level 4, -2/31 HPs)
             Began as a Vampire Necromancer on June 26, 2018.
             Slain by Grinder (10 damage)
             ... on level 3 of the Dungeon.
             The game lasted 00:14:00 (2229 turns).

FluffGlitter the Grave Robber (Vampire Necromancer) Turns: 2229, Time: 00:14:01

Health: -2/31      AC:  2    Str:  7    XL:     4   Next: 5%
Magic:  7/7        EV: 13    Int: 17    God:
Gold:   121        SH:  0    Dex: 15    Spells: 6/7 levels left

rFire    . . .     SeeInvis +   b - +0 dagger
rCold    . . .     Gourm    .   (no shield)
rNeg     + . .     Faith    .   a - +0 robe
rPois    .         Spirit   .   (no helmet)
rElec    .         Reflect  .   (no cloak)
rCorr    .         Harm     .   (no gloves)
MR       .....                  (no boots)
Stlth    ++........             (no amulet)
HPRegen  0.10/turn              (no ring)
MPRegen  0.10/turn              (no ring)

@: no status effects
A: fangs 3, see invisible, unbreathing
a: Bat Form


You were on level 3 of the Dungeon.
You were not thirsty.

You visited 1 branch of the dungeon, and saw 3 of its levels.

You collected 121 gold pieces.

Inventory:

Hand Weapons
 b - a +0 dagger (weapon)
 n - a +0 hunting sling
Armour
 a - a +0 robe (worn)
Jewellery
 k - a +4 ring of protection {unknown}
Scrolls
 d - 2 scrolls of teleportation {unknown}
 f - a scroll of blinking {unknown}
 g - a scroll of amnesia {unknown}
 m - a scroll of magic mapping {unknown}
 o - 4 scrolls of identify {unknown}
 p - a scroll of enchant weapon {unknown}
 r - a scroll of fog {unknown}
 s - a scroll of enchant armour {unknown}
Potions
 c - 4 potions of blood
 e - a potion of berserk rage {unknown}
 h - a potion of flight {unknown}
 i - a potion of curing {unknown}
 j - a potion of lignification {unknown}
 l - a potion of haste {unknown}
 q - a potion of heal wounds {unknown}


   Skills:
 + Level 0.8 Fighting
 + Level 1.1 Short Blades
 + Level 3.1 Dodging
 + Level 3.4 Stealth
 + Level 2.2 Spellcasting
 + Level 5.0 Necromancy


You had 6 spell levels left.
You knew the following spells:

 Your Spells              Type           Power        Failure   Level  Hunger
a - Pain                  Necr           ###.         2%          1    #......

Your spell library contained the following spells:

 Spells                   Type           Power        Failure   Level  Hunger
 Animate Dead             Necr           N/A          24%         4    #####..
 Animate Skeleton         Necr           N/A          2%          1    #......
 Vampiric Draining        Necr           ###.......   7%          3    ###....
 Regeneration             Chrm/Necr      ##........   21%         3    ###....


Dungeon Overview and Level Annotations

Branches:
Dungeon (3/15)

Altars:
Trog

Annotations:
D:3 Grinder


Innate Abilities, Weirdness & Mutations

You have razor-sharp teeth.
You have supernaturally acute eyesight. (SInv)
You can survive without breathing.


Message History

There is a stone staircase leading up here.
Grinder blinks!
You climb upwards.
There is a stone staircase leading down here.
You climb downwards.
Level annotation: Grinder The bat closely misses you.
The bat barely misses you. The bat misses you.
There is a stone staircase leading up here.
You closely miss Grinder. The bat barely misses you. Grinder hits you.
You writhe in agony.
You closely miss the bat.
The bat is heavily wounded.
The bat hits you but does no damage. Grinder closely misses you.
You hit Grinder but do no damage. The bat misses you. Grinder hits you.
You writhe in agony.
You closely miss Grinder. The bat closely misses you. Grinder hits you.
You writhe in agony.
* * * LOW HITPOINT WARNING * * *
The bat hits you but does no damage. Grinder hits you!
You die...

..# #.# #.# #.#
#.# . #######.####
.. ...[..b....#
.l. #)# ....
#####@#
.o...##...#5# ###
..........#.#....#
#..$.......#
o.o..5......#.##.#
.o...#.$#####.#
...<. #..# # ..##
#?.### #.# .....##


You could see Grinder and a bat.

Vanquished Creatures
  3 adders
  A worm (D:2)
  2 giant cockroaches
  4 goblins
  3 hobgoblins
  5 jackals
  A quokka (D:2)
  9 bats
  3 frilled lizards (D:1)
  6 kobolds
  5 rats
42 creatures vanquished.

Notes
Turn   | Place    | Note
-------+----------+-------------------------------------------
     0 | D:1      | FluffGlitter the Vampire Necromancer began the quest for the Orb.
     0 | D:1      | Reached XP level 1. HP: 13/13 MP: 3/3
   358 | D:1      | Reached XP level 2. HP: 18/19 MP: 5/5
  1079 | D:2      | Found a bloodstained altar of Trog.
  1146 | D:2      | Reached skill level 5 in Necromancy
  1165 | D:2      | Reached XP level 3. HP: 15/25 MP: 6/6
  2172 | D:3      | Reached skill level 1 in Short Blades
  2172 | D:3      | Reached XP level 4. HP: 28/31 MP: 5/7
  2208 | D:3      | Noticed Grinder
  2229 | D:3      | Slain by Grinder

Vault maps used:
D:1:      dpeg_arrival_houses_and_road
D:2:      bloody_trog
D:3:      uniq_grinder, uniq_crazy_yiuf_cottage

Skill      XL: |  1  2  3 |
---------------+----------+-----
Necromancy     | 5 |  5.0
Dodging        | 3 |  3.1
Short Blades   | 1 |  1.1
Fighting       | |  0.8
Stealth        | |  3.4
Spellcasting   | |  2.2

Action                   |  1- 3 |  4- 6 || total
-------------------------+-------+-------++-------
Melee: Unarmed           |    25 |       ||    25
       Dagger            |   181 |     8 ||   189
       Bite              |    17 |     1 ||    18
 Cast: Pain              |    17 |     1 ||    18
 Stab: Sleeping          |     4 |       ||     4
  Eat: Corpse            |    10 |       ||    10
Armor: Robe              |    44 |     2 ||    46
Dodge: Dodged            |   175 |    16 ||   191

Table legend:
 A = Spawn XP
 B = Non-spawn XP
 C = Spawn XP percentage of total XP
 D = Spawn monster count
 E = Non-spawn monster count
 F = Spawn count percentage of total count
 G = Total turns spent on level
                    A         B        C        D         E        F      G
               +---------+---------+-------+---------+---------+-------+---------
         Total |       0 |     102 |   0.0 |       0 |      42 |   0.0 |  2229
               +---------+---------+-------+---------+---------+-------+---------
           D:1 |       0 |      28 |   0.0 |       0 |      20 |   0.0 |  1077
           D:2 |       0 |      56 |   0.0 |       0 |      18 |   0.0 |   877
           D:3 |       0 |      18 |   0.0 |       0 |       4 |   0.0 |   275
               +---------+---------+-------+---------+---------+-------+---------
